cohdb
Replays
Latest Replays
All Replays
Popular Replays
Top Player Replays
Match Explorer
How It Works
Community
CoH3 Stats
Reddit
Sign in to upload your games and track your stats! →
Sign in with Steam
Match 38654757
Unlisted
Match 38654757
Overview
Messages
Build Orders
End
Scout Squad
Construct Barracks
Scout Squad
Scout Squad
Scout Squad
Scout Squad
Scout Squad
Construct Medical Station
Scout Squad
Selects Advanced Infantry Battlegroup
Scout Squad
Scout Squad
Scout Squad
Scout Squad
Scout Squad
FutureNP
CAuMOH
『BlackBear』
BOBOBOBO
0
0
Comments
sign in to comment!
No comments posted yet!